 Dungeon Sprint DCSS version 0.32-a0-571-gec57dfcd37 (webtiles) character file.

Game seed: 4672698599414488391

4398 rocky1 the Slayer (level 16, 0/171 HPs)
             Began as a Mountain Dwarf Fighter on Mar 1, 2024.
             Was an Initiate of Gozag.
             Killed from afar by a thorn hunter (43 damage)
             ... with a volley of thorns
             ... in the Dungeon (Sprint VI: "Thunderdome").
             The game lasted 00:26:04 (2126 turns).

rocky1 the Slayer (Mountain Dwarf Fighter)          Turns: 2126, Time: 00:26:06

Health: 0/171      AC: 15    Str: 25    XL:     16   Next: 98%
Magic:  0/16       EV: 11    Int: 23    God:    Gozag
Gold:   718        SH: 17    Dex: 12    Spells: 15/15 levels left

rFire   . . .        e - +0 demon whip (flame)
rCold   + + +        s - +4 kite shield of Qazlal, Hurting {rF- rC+++ Regen+ Int+5}
rNeg    + + +        k - +0 scale mail
rPois   +            (no helmet)
rElec   .            v - +0 cloak
rCorr   .            J - +0 pair of gloves of Temperance {Rampage Will+ Slay+3}
SInv    .            l - +0 pair of boots "Oxtosuhi" {rPois rN+++ Regen+ Dex-5}
Will    ++...        r - amulet of Uhyruik {Spirit ^Drain Slay+5 Stlth+}
Stlth   +            p - ring of Zuak Heu {rF+ Dex+2 Slay+2}
HPRegen 2.08/turn    F - ring of Volaqu {Int+7 Dex+6}
MPRegen 0.15/turn

%: no teleportation, guardian spirit, rampage
@: no status effects
A: runic magic, artefact enchanting
}: 2/15 runes: serpentine, barnacled
a: Renounce Religion, Potion Petition, Call Merchant, Bribe Branch


You were in the Dungeon.
You worshipped Gozag.
Gozag was pleased with you.
You visited 1 branch You collected 7848 gold pieces.
You spent 7130 gold pieces at shops.

Inventory:

Hand Weapons
 b - a +8 broad axe of protection
 e - a +0 demon whip of flaming (weapon)
Missiles
 w - 3 poisoned darts
Armour
 a - the +0 tower shield of the Ancient Leylines {Harm}
   (You bought it in a shop in the Dungeon)

   Harm:      It increases damage dealt and taken.
 c - the +0 helmet "Wiqaps" {Rampage rC+ Str+5 Dex-4}
   (You bought it in a shop in the Dungeon)

   Str+5:     It affects your strength (+5).
   Dex-4:     It affects your dexterity (-4).
   rC+:       It protects you from cold.
   Rampage:   It bestows one free step when moving towards enemies.
 k - a +0 scale mail (worn)
 l - the +0 pair of boots "Oxtosuhi" (worn) {rPois rN+++ Regen+ Dex-5}
   (You bought it in a shop in the Dungeon)

   Dex-5:     It affects your dexterity (-5).
   rPois:     It protects you from poison rN+++: It renders you almost immune to
   negative energy.
   Regen+:    It increases your rate of health regeneration.
 o - the +1 pair of gloves of Greed {rPois Dex+3}
   (You bought it in a shop in the Dungeon)

   Dex+3:     It affects your dexterity (+3).
   rPois:     It protects you from poison
 s - the +4 kite shield of Qazlal, Hurting (worn) {rF- rC+++ Regen+ Int+5}
   (You bought it in a shop in the Dungeon)

   Int+5:     It affects your intelligence (+5).
   rF-:       It makes you vulnerable to fire.
   rC+++:     It renders you almost immune to cold.
   Regen+:    It increases your rate of health regeneration.
 u - the +1 cloak of the Cobbler {Str+3 Int+5}
   (You bought it in a shop in the Dungeon)

   Str+3:     It affects your strength (+3).
   Int+5:     It affects your intelligence (+5).
 v - a +0 cloak (worn)
 I - the +2 hat of the Countless Beds {rN+ Str+3 Int+6 Dex-2}
   (You bought it in a shop in the Dungeon)

   Str+3:     It affects your strength (+3).
   Int+6:     It affects your intelligence (+6).
   Dex-2:     It affects your dexterity (-2).
   rN+:       It protects you from negative energy.
 J - the +0 pair of gloves of Temperance (worn) {Rampage Will+ Slay+3}
   (You bought it in a shop in the Dungeon)

   Slay+3:    It affects your accuracy & damage with ranged weapons and melee
   (+3).
   Will+:     It increases your willpower.
   Rampage:   It bestows one free step when moving towards enemies.
Jewellery
 p - the ring of Zuak Heu (left hand) {rF+ Dex+2 Slay+2}
   (You bought it in a shop in the Dungeon)

   [ring of protection from fire]

   Dex+2:     It affects your dexterity (+2).
   Slay+2:    It affects your accuracy & damage with ranged weapons and melee
   (+2).
   rF+:       It protects you from fire.
 q - the ring "Siading" {Fly rF+ rC++ Will+ Dex-3}
   (You bought it in a shop in the Dungeon)

   [ring of protection from fire]

   Dex-3:     It affects your dexterity (-3).
   rF+:       It protects you from fire.
   rC++:      It greatly protects you from cold.
   Will+:     It increases your willpower.
   Fly:       It grants you flight.
 r - the amulet of Uhyruik (around neck) {Spirit ^Drain Slay+5 Stlth+}
   (You bought it in a shop in the Dungeon)

   [amulet of guardian spirit]

   Spirit:    It causes incoming damage to be divided between your reserves of
   health and magic.
   Slay+5:    It affects your accuracy & damage with ranged weapons and melee
   (+5).
   ^Drain:    It drains your maximum health when unequipped.
   Stlth+:    It makes you more stealthy.
 t - the amulet "Boywkaiz" {Reflect +Inv SH+5}
   (You bought it in a shop in the Dungeon)

   [amulet of reflection]

   Reflect:   It reflects blocked missile attacks.
   +Inv:      It lets you turn invisible.
   SH+5:      It affects your SH (+5).
 x - the amulet of Oseegeog {Faith rF+ Str+3 Dex-2 Slay+3}
   (You bought it in a shop in the Dungeon)

   [amulet of faith]

   Faith:     It allows you to gain divine favour quickly.
   Str+3:     It affects your strength (+3).
   Dex-2:     It affects your dexterity (-2).
   Slay+3:    It affects your accuracy & damage with ranged weapons and melee
   (+3).
   rF+:       It protects you from fire.
 y - the ring of Omubeox {rF- MP+9 Str+8 Dex-3 SInv}
   (You bought it in a shop in the Dungeon)

   [ring of magical power]

   Str+8:     It affects your strength (+8).
   Dex-3:     It affects your dexterity (-3).
   rF-:       It makes you vulnerable to fire.
   MP+9:      It affects your magic capacity (+9).
   SInv:      It lets you see invisible.
 z - the ring "Lajioc" {Ice SInv}
   (You bought it in a shop in the Dungeon)

   [ring of ice]

   Ice:       It enhances your ice magic.
   rF-:       It makes you vulnerable to fire.
   rC+:       It protects you from cold.
   SInv:      It lets you see invisible.
 A - the ring "Ficasah" {Ice rPois Dex+3}
   (You bought it in a shop in the Dungeon)

   [ring of ice]

   Ice:       It enhances your ice magic.
   Dex+3:     It affects your dexterity (+3).
   rF-:       It makes you vulnerable to fire.
   rC+:       It protects you from cold.
   rPois:     It protects you from poison
 B - the ring "Cecs" {EV+5 Slay+3}
   (You bought it in a shop in the Dungeon)

   [ring of evasion]

   EV+5:      It affects your evasion (+5).
   Slay+3:    It affects your accuracy & damage with ranged weapons and melee
   (+3).
 C - the amulet "Saiwkaoh" {Acrobat rPois rF+}
   (You bought it in a shop in the Dungeon)

   [amulet of the acrobat]

   Acrobat:   It increases your evasion while moving and waiting.
   rF+:       It protects you from fire.
   rPois:     It protects you from poison
 D - the amulet of Upuh {Faith rN++ rCorr Stlth+}
   (You bought it in a shop in the Dungeon)

   [amulet of faith]

   Faith:     It allows you to gain divine favour quickly.
   rN++:      It greatly protects you from negative energy.
   rCorr:     It protects you from acid and corrosion.
   Stlth+:    It makes you more stealthy.
 E - the amulet "Notifon" {RegenMP RegenMP+ Str+3}
   (You bought it in a shop in the Dungeon)

   [amulet of magic regeneration]

   RegenMP:   It increases your rate of magic regeneration.
   Str+3:     It affects your strength (+3).
   RegenMP+:  It increases your rate of magic regeneration.
 F - the ring of Volaqu (right hand) {Int+7 Dex+6}
   (You bought it in a shop in the Dungeon)

   [ring of dexterity]

   Int+7:     It affects your intelligence (+7).
   Dex+6:     It affects your dexterity (+6).
 G - the ring "Holug" {rF+ rC- Will+ MP+9 Dex+2}
   (You bought it in a shop in the Dungeon)

   [ring of protection from fire]

   Dex+2:     It affects your dexterity (+2).
   rF+:       It protects you from fire.
   rC-:       It makes you vulnerable to cold.
   Will+:     It increases your willpower.
   MP+9:      It affects your magic capacity (+9).
 H - the ring "Bizi" {rF+ rN++}
   (You bought it in a shop in the Dungeon)

   [ring of protection from fire]

   rF+:       It protects you from fire.
   rN++:      It greatly protects you from negative energy.
Wands
 i - a wand of charming (11)
 m - a wand of flame (10) (quivered)
Scrolls
 j - 2 scrolls of blinking
 n - 3 scrolls of fog
Potions
 d - 4 potions of curing
 f - 12 potions of heal wounds
 g - 2 potions of haste
 h - 2 potions of magic


   Skills:
 + Level 22.9 Fighting
 - Level 15.4(18.2) Axes
 - Level 15.9(18.5) Maces & Flails
 - Level 15.0 Armour
 - Level 3.2 Dodging
 - Level 15.0 Shields


You had 15 spell levels left.
You didn't know any spells.
Your spell library was empty.

Dungeon Overview and Level Annotations

Branches:
Dungeon (1/1)

Altars:
Cheibriados
Dithmenos
Fedhas
Gozag
Kikubaaqudgha
Makhleb
Okawaru
Qazlal
Ru
Sif Muna
Trog
Uskayaw
Vehumet
Wu Jian
Xom
Yredelemnul
Zin
The Shining One
Beogh
Lugonu

Shops:
D [=??*?*:[((!!!!


Innate Abilities, Weirdness & Mutations

Your spellcasting is much less encumbered by armour.
You can use scrolls of enchantment on lesser artefacts.


Message History

The 13-headed hydra roars!
The thorn hunter fires a volley of thorns at you.
The volley of thorns hits you!!
* * * LOW HITPOINT WARNING * * *
There is a spawn point, spattered with blood here.
Unknown command.
You feel much better.
The will-o-the-wisp gestures.
The will-o-the-wisp conjures some marshlight! 2 foxfires come into view.
You feel much better.
The foxfire hits you! x2; The thorn hunter hits you!
The thorn hunter misses you.
Unknown command.
You thrash the thorn hunter!! You burn the thorn hunter.
The thorn hunter is moderately damaged.
You block the thorn hunter's attack. x2; The will-o-the-wisp engulfs you!
You whack the thorn hunter! You burn the thorn hunter.
The thorn hunter is heavily damaged.
You block the thorn hunter's attack. x2
You hit the thorn hunter. You burn the thorn hunter.
The thorn hunter is heavily damaged.
The 13-headed hydra is no longer distracted by gold.
The will-o-the-wisp gestures.
The will-o-the-wisp conjures some marshlight! 2 foxfires come into view.
You thrash the thorn hunter!! You burn the thorn hunter!
The thorn hunter is almost destroyed. 10...
The thorn hunter hits you!!
* * * LOW HITPOINT WARNING * * *
You block the thorn hunter's attack.
Unknown command.
You thrash the will-o-the-wisp!! You burn the will-o-the-wisp.
The will-o-the-wisp is heavily damaged.
The will-o-the-wisp gestures.
The will-o-the-wisp conjures some marshlight!
The thorn hunter fires a volley of thorns at you.
The volley of thorns hits you!!!
You die...
Your body crumbles into a pile of gold.

#.....# ##.....##
##∩.....∩## #∩.).....∩#
#_........# #_......._#
#_......._# ###..[......###
#⌠f........Df@#
####.ß..).....vßv######
_§fx....[###.).vvv___∩##
..$).).ß.# #.ß......P.∩###
)$)......###........PP...##
...[..###...###.....PP.(.⌠#
......# #.<.# #.......)..⌠#
......###...###).........⌠#
..[..)...###.............##


You could see a thorn hunter, a 13-headed hydra and a will-o-the-wisp.

Vanquished Creatures
  A merfolk avatar (D)
  A bunyip (D)
  An eleionoma (D)
  2 eidola (D)
  A naga warrior (D)
  2 entropy weavers (shapeshifter) (D)
  A hydra (D)
  4 ogre magi (D)
  An alligator (D)
  A two-headed ogre (D)
  A shock serpent (D)
  Nergalle (D)
  A deep troll (D)
  5 iron trolls (D)
  2 swamp dragons (D)
  A phantasmal warrior (D)
  Maurice (D)
  A salamander (shapeshifter) (D)
  A black mamba (shapeshifter) (D)
  A guardian serpent (shapeshifter) (D)
  A meliai (shapeshifter) (D)
  4 trolls (D)
  A raiju (shapeshifter) (D)
  Sigmund (D)
  A yak (D)
  A wyvern (shapeshifter) (D)
  6 wraiths (D)
  Edmund (D)
  A black bear (shapeshifter) (D)
  2 ogres (D)
  A kobold brigand (D)
  A killer bee (D)
  A gnoll bouda (D)
  Terence (D)
  A ribbon worm (D)
  4 quokkas (D)
  4 kobolds (D)
  A rat (D)
63 creatures vanquished.

Vanquished Creatures (others)
  An eldritch tentacle (D)
  A bloated husk (D)
  3 kobolds (D)
  6 foxfires (D)
11 creatures vanquished.

Grand Total: 74 creatures vanquished

Notes
Turn   | Place    | Note
-------+----------+-------------------------------------------
     0 | D        | rocky1 the Mountain Dwarf Fighter began the quest for the
                  | Orb.
     0 | D        | Reached XP level 1. HP: 19/19 MP: 1/1
     4 | D        | Found a snail-covered altar of Cheibriados.
     4 | D        | Found a blossoming altar of Fedhas.
     5 | D        | Found an iron altar of Okawaru.
     5 | D        | Found a roughly hewn altar of Beogh.
     5 | D        | Round 1.
     6 | D        | Found a glowing silver altar of Zin.
     6 | D        | Found a sacrificial altar of Ru.
     7 | D        | Found Cyatuom's Distillery.
     7 | D        | Found a shimmering blue altar of Sif Muna.
     7 | D        | Found Ruyntos's Do-It-Yourself Clinic.
     8 | D        | Found Quclit's Distillery.
     8 | D        | Found Ytysuh's Bottled Wisdom.
    12 | D        | Found a stormy altar of Qazlal.
    13 | D        | Found a glowing golden altar of the Shining One.
    14 | D        | Found Imatow's Weapon Rack.
    15 | D        | Found a shadowy altar of Dithmenos.
    15 | D        | Found an ornate altar of the Wu Jian Council.
    15 | D        | Found Gutar's Premium Goods.
    15 | D        | Found Ahargh's Basic Armour.
    15 | D        | Found Regaohe's Miscellaneous Merchandise.
    19 | D        | Found a radiant altar of Vehumet.
    21 | D        | Found a corrupted altar of Lugonu.
    22 | D        | Found a hide-covered altar of Uskayaw.
    23 | D        | Found Zechy's Identification Station.
    23 | D        | Found a basalt altar of Yredelemnul.
    23 | D        | Found an ancient bone altar of Kikubaaqudgha.
    23 | D        | Found a shimmering altar of Xom.
    23 | D        | Found Nyelea Syell's Timeless Talismans.
    24 | D        | Found Pynimp's Advanced Armour.
    24 | D        | Found Nasousm's Jewellery.
    27 | D        | Found an opulent altar of Gozag.
    28 | D        | Found a bloodstained altar of Trog.
    29 | D        | Found a burning altar of Makhleb.
    30 | D        | Found Saher's Magic Scroll Shop.
    30 | D        | Found Kaiff's Staff Store.
    31 | D        | Found Zitryurefui's Magic Scroll Shop.
    31 | D        | Found Odyneufa's Must-Have Magic.
    36 | D        | Became a worshipper of Gozag Ym Sagoz the Greedy
    52 | D        | Bought a scorched copper amulet for 45 gold pieces
    52 | D        | Identified the amulet of Tender Moments {Faith rElec rC+}
                  | (You bought it in a shop in the Dungeon)
    52 | D        | Bought a flickering bronze ring for 45 gold pieces
    52 | D        | Identified the ring of Zuak Heu {rF+ Dex+2 Slay+2} (You
                  | bought it in a shop in the Dungeon)
    52 | D        | Bought a smoking bone ring for 45 gold pieces
    52 | D        | Identified the ring "Siading" {Fly rF+ rC++ Will+ Dex-3}
                  | (You bought it in a shop in the Dungeon)
    52 | D        | Bought a smoking crystal amulet for 45 gold pieces
    52 | D        | Identified the amulet of Uhyruik {Spirit ^Drain Slay+5
                  | Stlth+} (You bought it in a shop in the Dungeon)
    70 | D        | Noticed Terence
    75 | D        | Killed Terence
    76 | D        | Reached skill level 4 in Fighting
    76 | D        | Reached XP level 2. HP: 25/27 MP: 2/2
   130 | D        | Noticed Sigmund
   136 | D        | Killed Sigmund
   137 | D        | Reached skill level 6 in Fighting
   137 | D        | Reached XP level 3. HP: 36/38 MP: 3/3
   137 | D        | Reached XP level 4. HP: 42/45 MP: 4/4
   137 | D        | Reached XP level 5. HP: 48/51 MP: 5/5
   139 | D        | Arena points: 12 (+12) [x2]
   199 | D        | Round 2.
   266 | D        | Bought a brightly glowing kite shield for 332 gold pieces
   266 | D        | Identified the +4 kite shield of Qazlal, Hurting {rF- rC+++
                  | Regen+ Int+5} (You bought it in a shop in the Dungeon)
   288 | D        | Bought a pitted granite ring for 45 gold pieces
   288 | D        | Identified the ring of Abbaocw {Ice Will++ rCorr Dex+2}
                  | (You bought it in a shop in the Dungeon)
   345 | D        | Arena points: 20 (+8) [x1]
   360 | D        | Round 3.
   360 | D        | Noticed a rust devil
   378 | D        | Noticed a rust devil
   446 | D        | Noticed a rust devil
   475 | D        | Arena points: 23 (+3) [x1]
   490 | D        | Round 4.
   552 | D        | Noticed a yak
   553 | D        | Noticed Edmund
   556 | D        | Reached skill level 7 in Fighting
   556 | D        | Reached skill level 10 in Maces & Flails
   556 | D        | Reached XP level 6. HP: 57/60 MP: 4/6
   559 | D        | Killed a yak
   565 | D        | Killed Edmund
   566 | D        | Reached skill level 8 in Fighting
   566 | D        | Reached XP level 7. HP: 65/68 MP: 4/7
   573 | D        | Noticed Maurice
   580 | D        | Maurice stole the ring of Abbaocw {Ice Will++ rCorr Dex+2}
   596 | D        | Something stole a +0 buckler
   620 | D        | Killed Maurice
   620 | D        | Arena points: 79 (+56) [x2]
   621 | D        | Reached skill level 9 in Fighting
   650 | D        | Round 5.
   678 | D        | Noticed a shock serpent
   687 | D        | Killed a shock serpent
   688 | D        | Reached skill level 10 in Fighting
   688 | D        | Reached skill level 10 in Armour
   688 | D        | Reached skill level 10 in Shields
   688 | D        | Reached XP level 8. HP: 29/79 MP: 1/8
   697 | D        | Noticed a naga warlord
   723 | D        | Killed a naga warlord
   723 | D        | Arena points: 239 (+160) [x4]
   724 | D        | Reached skill level 15 in Maces & Flails
   724 | D        | Reached XP level 9. HP: 29/86 MP: 0/9
   727 | D        | Got a serpentine rune of Zot
   728 | D        | Reached skill level 11 in Fighting
   728 | D        | Reached skill level 1 in Dodging
   728 | D        | Reached XP level 10. HP: 36/96 MP: 1/10
   771 | D        | Bought 4 potions of curing for 84 gold pieces
   771 | D        | Bought 3 potions of heal wounds for 105 gold pieces
   771 | D        | Bought 3 potions of heal wounds for 105 gold pieces
   786 | D        | Bought a +0 demon whip for 450 gold pieces
   786 | D        | Bought a +0 broad axe for 120 gold pieces
   922 | D        | Round 6.
  1061 | D        | Arena points: 479 (+240) [x5]
  1103 | D        | Round 7.
  1111 | D        | Noticed a two-headed ogre
  1112 | D        | Noticed an ogre mage
  1120 | D        | Killed a two-headed ogre
  1121 | D        | Reached skill level 5 in Axes
  1132 | D        | Killed an ogre mage
  1133 | D        | Reached skill level 12 in Fighting
  1159 | D        | Noticed an ogre mage
  1159 | D        | Noticed an ogre mage
  1173 | D        | Killed an ogre mage
  1179 | D        | Killed an ogre mage
  1202 | D        | Noticed an ogre mage
  1212 | D        | Killed an ogre mage
  1212 | D        | Arena points: 815 (+336) [x6]
  1213 | D        | Reached skill level 10 in Axes
  1233 | D        | Bought a smoking cloak for 332 gold pieces
  1233 | D        | Identified the +1 cloak of Disaster {Harm} (You bought it
                  | in a shop in the Dungeon)
  1233 | D        | Bought an encrusted helmet for 332 gold pieces
  1233 | D        | Identified the +0 helmet "Wiqaps" {Rampage rC+ Str+5 Dex-4}
                  | (You bought it in a shop in the Dungeon)
  1233 | D        | Bought a pair of polished boots for 332 gold pieces
  1233 | D        | Identified the +0 pair of boots "Oxtosuhi" {rPois rN+++
                  | Regen+ Dex-5} (You bought it in a shop in the Dungeon)
  1233 | D        | Bought a pair of twisted gloves for 332 gold pieces
  1233 | D        | Identified the +1 pair of gloves of Greed {rPois Dex+3}
                  | (You bought it in a shop in the Dungeon)
  1254 | D        | Bought a transparent jade amulet for 45 gold pieces
  1254 | D        | Identified the amulet "Boywkaiz" {Reflect +Inv SH+5} (You
                  | bought it in a shop in the Dungeon)
  1254 | D        | Bought an ancient garnet amulet for 45 gold pieces
  1254 | D        | Identified the amulet of Oseegeog {Faith rF+ Str+3 Dex-2
                  | Slay+3} (You bought it in a shop in the Dungeon)
  1254 | D        | Bought a brightly glowing silver ring for 45 gold pieces
  1254 | D        | Identified the ring of Omubeox {rF- MP+9 Str+8 Dex-3 SInv}
                  | (You bought it in a shop in the Dungeon)
  1254 | D        | Bought a steaming turquoise ring for 45 gold pieces
  1254 | D        | Identified the ring "Lajioc" {Ice SInv} (You bought it in a
                  | shop in the Dungeon)
  1254 | D        | Bought a transparent pewter ring for 45 gold pieces
  1254 | D        | Identified the ring "Ficasah" {Ice rPois Dex+3} (You bought
                  | it in a shop in the Dungeon)
  1254 | D        | Bought a sparkling granite ring for 45 gold pieces
  1254 | D        | Identified the ring "Cecs" {EV+5 Slay+3} (You bought it in
                  | a shop in the Dungeon)
  1254 | D        | Bought a transparent brass amulet for 45 gold pieces
  1254 | D        | Identified the amulet "Saiwkaoh" {Acrobat rPois rF+} (You
                  | bought it in a shop in the Dungeon)
  1254 | D        | Bought a faintly glowing copper amulet for 45 gold pieces
  1254 | D        | Identified the amulet of Upuh {Faith rN++ rCorr Stlth+}
                  | (You bought it in a shop in the Dungeon)
  1254 | D        | Bought a warped amethyst amulet for 45 gold pieces
  1254 | D        | Identified the amulet "Notifon" {RegenMP RegenMP+ Str+3}
                  | (You bought it in a shop in the Dungeon)
  1254 | D        | Bought a fine carnelian ring for 45 gold pieces
  1254 | D        | Identified the ring of Volaqu {Int+7 Dex+6} (You bought it
                  | in a shop in the Dungeon)
  1254 | D        | Bought an ancient steel ring for 45 gold pieces
  1254 | D        | Identified the ring "Holug" {rF+ rC- Will+ MP+9 Dex+2} (You
                  | bought it in a shop in the Dungeon)
  1254 | D        | Bought a smoking brass ring for 45 gold pieces
  1254 | D        | Identified the ring "Bizi" {rF+ rN++} (You bought it in a
                  | shop in the Dungeon)
  1283 | D        | Round 8.
  1307 | D        | Noticed an entropy weaver
  1315 | D        | a yak changed into a meliai
  1315 | D        | Noticed a meliai (shapeshifter)
  1322 | D        | Killed an entropy weaver
  1323 | D        | Reached skill level 13 in Fighting
  1323 | D        | Reached XP level 11. HP: 87/107 MP: 6/11
  1363 | D        | Noticed a fire crab
  1372 | D        | a fire crab changed into a black bear
  1415 | D        | a dream sheep changed into an entropy weaver
  1415 | D        | Noticed an entropy weaver (shapeshifter)
  1427 | D        | Killed an entropy weaver
  1443 | D        | Arena points: 1375 (+560) [x7]
  1472 | D        | Round 9.
  1477 | D        | Bought 8 scrolls of enchant weapon for 600 gold pieces
  1477 | D        | Bought a scroll of brand weapon for 95 gold pieces
  1494 | D        | Reached skill level 14 in Fighting
  1502 | D        | Noticed Nergalle
  1508 | D        | Killed Nergalle
  1518 | D        | Noticed an eidolon
  1533 | D        | Killed an eidolon
  1544 | D        | Noticed a phantasmal warrior
  1550 | D        | Killed a phantasmal warrior
  1580 | D        | Noticed an eidolon
  1592 | D        | Killed an eidolon
  1594 | D        | Reached skill level 15 in Axes
  1597 | D        | Arena points: 2167 (+792) [x8]
  1628 | D        | Bought 3 potions of heal wounds for 105 gold pieces
  1628 | D        | Bought 3 potions of heal wounds for 105 gold pieces
  1628 | D        | Bought 3 potions of heal wounds for 105 gold pieces
  1630 | D        | Bought 3 potions of experience for 900 gold pieces
  1630 | D        | Bought a potion of experience for 300 gold pieces
  1636 | D        | Reached skill level 15 in Armour
  1636 | D        | Reached skill level 15 in Shields
  1636 | D        | Reached XP level 12. HP: 118/118 MP: 12/12
  1637 | D        | Reached skill level 15 in Fighting
  1637 | D        | Reached XP level 13. HP: 127/127 MP: 13/13
  1638 | D        | Reached skill level 16 in Fighting
  1638 | D        | Reached XP level 14. HP: 137/137 MP: 14/14
  1639 | D        | Reached XP level 15. HP: 146/146 MP: 15/15
  1646 | D        | Round 10.
  1684 | D        | Arena points: 3067 (+900) [x10]
  1685 | D        | Reached skill level 17 in Fighting
  1688 | D        | Got a barnacled rune of Zot
  1689 | D        | Reached skill level 18 in Fighting
  1689 | D        | Reached XP level 16. HP: 158/158 MP: 16/16
  1861 | D        | Round 11.
  1886 | D        | Reached skill level 19 in Fighting
  1942 | D        | Reached skill level 20 in Fighting
  2024 | D        | Arena points: 4398 (+1331) [x11]
  2025 | D        | Reached skill level 21 in Fighting
  2047 | D        | Bought a distressingly furry tower shield for 332 gold
                  | pieces
  2047 | D        | Identified the +0 tower shield of the Ancient Leylines
                  | {Harm} (You bought it in a shop in the Dungeon)
  2047 | D        | Bought a scorched cloak for 332 gold pieces
  2047 | D        | Identified the +1 cloak of the Cobbler {Str+3 Int+5} (You
                  | bought it in a shop in the Dungeon)
  2047 | D        | Bought a spiked hat for 315 gold pieces
  2047 | D        | Identified the +2 hat of the Countless Beds {rN+ Str+3
                  | Int+6 Dex-2} (You bought it in a shop in the Dungeon)
  2047 | D        | Bought a pair of jewelled gloves for 332 gold pieces
  2047 | D        | Identified the +0 pair of gloves of Temperance {Rampage
                  | Will+ Slay+3} (You bought it in a shop in the Dungeon)
  2059 | D        | Round 12.
  2077 | D        | Noticed a thorn hunter
  2090 | D        | Reached skill level 22 in Fighting
  2098 | D        | Bought 3 scrolls of blinking for 225 gold pieces
  2099 | D        | Bought a scroll of brand weapon for 95 gold pieces
  2126 | D        | Killed from afar by a thorn hunter

Illustrated notes

Levels and vault maps discovered:
D:        arena_sprint

Skill      XL: |  1  2  3  4  5  6  7  8  9 10 11 12 13 14 15 16 |
---------------+-------------------------------------------------+-----
Fighting       | 4 6 7 8 10 11 13 14 15 16 18 22 | 22.9
Maces & Flails | 4 8 10 11 14 15 | 15.9
Armour         | 4 6 7 8 10 11 13 15 | 15.0
Shields        | 4 6 7 8 10 11 13 15 | 15.0
Axes           | 2 11 15 | 15.4
Dodging        | 1 2 3 |  3.2

Action                     |  1- 3 |  4- 6 |  7- 9 | 10-12 | 13-15 | 16-18 || total
---------------------------+-------+-------+-------+-------+-------+-------++-------
  Melee: Flail             |     2 |    55 |    42 |    31 |       |       ||   130
         Broad axe         |       |       |       |   104 |    24 |    65 ||   193
         Demon whip        |       |       |       |       |       |    18 ||    18
  Evoke: Wand              |     5 |       |     5 |     6 |       |     2 ||    18
    Use: Scroll            |       |     3 |       |     9 |       |     3 ||    15
         Potion            |       |       |    10 |     3 |     3 |     3 ||    19
   Stab: Distracted        |       |     1 |       |     2 |       |     1 ||     4
 Armour: Scale mail        |     6 |    30 |    28 |   104 |     1 |    72 ||   241
  Dodge: Dodged            |       |     9 |     6 |    43 |       |    33 ||    91
  Block: Buckler           |     2 |       |       |       |       |       ||     2
         Kite shield       |       |    28 |    29 |   101 |       |    68 ||   226

Table legend: (Time is in decaauts)
 A = Elapsed time spent in this place.
 B = Non-inter-level travel time spent in this place.
 C = Inter-level travel time spent in this place.
 D = Time resting spent in this place.
 E = Time spent auto-exploring this place.
 F = Levels seen in this place.
 G = Mean time per level.
                   A        B        C        D        E       F      G
               +--------+--------+--------+--------+--------+-----+--------+
         Total |   2064 |   2064 |      0 |    343 |    105 |   1 | 2064.0 |
       Dungeon |   2064 |   2064 |      0 |    343 |    105 |   1 | 2064.0 |
               +--------+--------+--------+--------+--------+-----+--------+

Top non-repeatable levels by time:
       D: 2064 daAuts
